 Dungeon Crawl Stone Soup version 0.30-a0-1074-g5db6f66fbb (webtiles) character file.

Game seed: 4713489879902710418

4 123456 the Digger (level 1, 0/10 HPs)
             Began as a Gargoyle Earth Elementalist on Apr 13, 2023.
             Slain by a jackal (2 damage)
             ... on level 1 of the Dungeon.
             The game lasted 00:00:20 (40 turns).

123456 the Digger (Gargoyle Earth Elementalist)       Turns: 40, Time: 00:00:21

Health: 0/10       AC:  4    Str: 11    XL:     1   Next: 60%
Magic:  0/3        EV: 12    Int: 15    God:
Gold:   10         SH:  0    Dex: 10    Spells: 3/4 levels left

rFire   . . .      SeeInvis .    (no weapon)
rCold   . . .      Faith    .    (no shield)
rNeg    + . .      Spirit   .    a - +0 robe
rPois   ∞          Reflect  .    (no helmet)
rElec   +          Rampage  .    (no cloak)
rCorr   .                        (no gloves)
Will    .....                    (no boots)
Stlth   ++                       (no amulet)
HPRegen 0.21/turn                (no ring)
MPRegen 0.08/turn                (no ring)

@: no status effects
A: sickness immunity, AC +2, negative energy resistance 1, electricity
resistance, torment resistance 1, petrification resistance
a: no special abilities


You were on level 1 of the Dungeon.
You visited 1 branch of the dungeon, and saw 1 of its levels.

You collected 10 gold pieces.

Inventory:

Armour
 a - a +0 robe (worn)
Potions
 b - a potion of magic


   Skills:
 + Level 1.6 Dodging
 + Level 2.2 Stealth
 * Level 2.1 Spellcasting
 - Level 0.7 Transmutations
 * Level 3.7 Earth Magic


You had 3 spell levels left.
You knew the following spells:

 Your Spells              Type           Power      Damage    Failure   Level
a - Sandblast             Erth           24%        2d8       4%          1

Your spell library contained the following spells:

 Spells                   Type           Power      Damage    Failure   Level
 Passwall                 Tmut/Erth      6%         N/A       13%         2
 Stone Arrow              Conj/Erth      14%        3d7       30%         3
 Petrify                  Tmut/Erth      8%         N/A       65%         4


Dungeon Overview and Level Annotations

Branches:
Dungeon (1/15)

Altars:


Innate Abilities, Weirdness & Mutations

You are immune to sickness and miasma.
Your stone body is resilient. (AC +2)
You are immune to poison.
You resist negative energy. (rN+)
You are resistant to electric shocks. (rElec)
You are resistant to unholy torment.
You are immune to petrification.


Message History

The jackal is severely wounded.
The jackal bites you. The frilled lizard bites you.
You barely miss the jackal.
The jackal is severely wounded.
The jackal barely misses you. The jackal closely misses you.
The frilled lizard closely misses you.
You completely miss the jackal.
The jackal is severely wounded.
The jackal bites you. The frilled lizard barely misses you.
You barely miss the jackal.
The jackal is severely wounded.
The jackal bites you but does no damage.
The frilled lizard misses you. The jackal barely misses you.
Aiming: Sandblast (safe; 4% risk of failure)
Press: ? - help, Q - select action Shift-Dir - straight line, f/p - jackal
Aim: a jackal (severely wounded, 77% to hit)
The blast of sand hits the jackal!
You kill the jackal!
The frilled lizard closely misses you. The jackal barely misses you.
You hit the jackal but do no damage. The jackal misses you.
The frilled lizard closely misses you.
You hit the jackal.
The jackal is lightly wounded.
The jackal closely misses you. The frilled lizard barely misses you.
You hit the jackal but do no damage.
The jackal is lightly wounded.
The jackal closely misses you. The frilled lizard barely misses you.
The jackal bites you.
You closely miss the jackal.
The jackal is lightly wounded.
The jackal closely misses you. The frilled lizard closely misses you.
You barely miss the jackal.
The jackal is lightly wounded.
The jackal bites you. The frilled lizard bites you.
* * * LOW HITPOINT WARNING * * *
The jackal closely misses you.
You hit the jackal.
The jackal is heavily wounded.
The jackal bites you.
You die...

#..### #... ..#.. #...
...# #... ..# # ###...
#.# ..
#.....#####.######.###
##.#..#................
..........##l..<...##..
.##.#...h@...........
#..################
#..?.†#P..P.P.♣..♣♣PP.
#####†#PP.♣PP.P.♣P. ♣.
..#P...PPP.PP.♣.
###.PP....P....
#♣♣♣PPPP.P..P♣ P..P..


You could see a jackal and a frilled lizard.

Vanquished Creatures
  3 jackals (D:1)
3 creatures vanquished.

Notes
Turn   | Place    | Note
-------+----------+-------------------------------------------
     0 | D:1      | 123456 the Gargoyle Earth Elementalist began the quest for
                  | the Orb.
     0 | D:1      | Reached XP level 1. HP: 10/10 MP: 3/3
    40 | D:1      | Slain by a jackal

Illustrated notes

Levels and vault maps discovered:
D:1:      minmay_arrival_arboretum_small, layout_loops_ring,
          corexii_hall_statues_x, chequers_serial_rivers_micro_b

Action                     || total
---------------------------++-------
  Melee: Unarmed           ||    21
   Cast: Sandblast         ||     5
 Armour: Robe              ||    20
  Dodge: Dodged            ||    31

Table legend: (Time is in decaauts)
 A = Elapsed time spent in this place.
 B = Non-inter-level travel time spent in this place.
 C = Inter-level travel time spent in this place.
 D = Time resting spent in this place.
 E = Time spent auto-exploring this place.
 F = Levels seen in this place.
 G = Mean time per level.
                   A        B        C        D        E       F      G
               +--------+--------+--------+--------+--------+-----+--------+
         Total |     42 |     42 |      0 |      0 |      8 |   1 |   42.0 |
       Dungeon |     42 |     42 |      0 |      0 |      8 |   1 |   42.0 |
               +--------+--------+--------+--------+--------+-----+--------+

Top non-repeatable levels by time:
     D:1: 42 daAuts
